 Seeded DCSS version 0.27-a0-1591-gc56fcc985a (webtiles) character file.

Game seed: 8972593883269044693 (custom seed)

52 Zonian the Conjurer (level 3, -1/16 HPs)
             Began as a Vine Stalker Conjurer on July 20, 2021.
             Slain by an orc (3 damage)
             ... on level 3 of the Dungeon.
             The game lasted 00:02:41 (2608 turns).

Zonian the Conjurer (Vine Stalker Conjurer)         Turns: 2608, Time: 00:02:41

Health: -1/16      AC:  2    Str:  9    XL:     3   Next: 85%
Magic:  0/7        EV: 12    Int: 18    God:
Gold:   68         SH:  0    Dex: 13    Spells: 3/6 levels left

rFire    . . .     SeeInvis .   f - +1 dagger (venom)
rCold    . . .     Faith    .   (no shield)
rNeg     . . .     Spirit   +   a - +0 robe
rPois    .         Reflect  .   (no helmet)
rElec    .         Harm     .   (no cloak)
rCorr    .         Rampage  .   (no gloves)
Will     .....                  (no boots)
Stlth    ++........             (no amulet)
HPRegen  0.05/turn              (no ring)
MPRegen  0.10/turn              (no ring)

@: no status effects
A: fangs 2, magic shield, antimagic bite, no potion heal 2
a: no special abilities


You were on level 3 of the Dungeon.
You visited 1 branch of the dungeon, and saw 3 of its levels.

You collected 68 gold pieces.

Inventory:

Hand Weapons
 b - a +0 dagger
 f - a +1 dagger of venom (weapon)
Armour
 a - a +0 robe (worn)
Scrolls
 d - 2 scrolls of noise {unknown}
 e - a scroll of vulnerability {unknown}
 g - a scroll of immolation
 i - a scroll of teleportation {unknown}
Potions
 c - a potion of haste {unknown}
 h - a potion of heal wounds {unknown}
 j - a potion of curing {unknown}


   Skills:
 + Level 0.1 Fighting
 + Level 1.9 Dodging
 + Level 2.9 Stealth
 + Level 2.4 Spellcasting
 + Level 4.9 Conjurations


You had 3 spell levels left.
You knew the following spells:

 Your Spells              Type           Power      Damage    Failure   Level
a - Magic Dart            Conj           76%        1d6       2%          1
b - Searing Ray           Conj           38%        3d4       3%          2

Your spell library contained the following spells:

 Spells                   Type           Power      Damage    Failure   Level
 Dazzling Flash           Conj/Hex       22%        N/A       19%         3
 Fulminant Prism          Conj/Hex       5%         3d7       54%         4
 Iskenderun's Mystic Bla  Conj/Tloc      11%        2d4       54%         4


Dungeon Overview and Level Annotations

Branches:
Dungeon (3/15)

Altars:


Innate Abilities, Weirdness & Mutations

You have extremely sharp teeth.
When hurt, damage is shared between your health and your magic reserves.
Your bite disrupts and absorbs the magic of your enemies.
Potions cannot restore your health.


Message History

You hit the ball python.
You kill the ball python!
The orc barely misses you.
You barely miss the orc. The orc closely misses you.
You barely miss the orc. You bite the orc. You drain its power.
You feel invigorated.
The orc is moderately wounded.
The orc closely misses you.
You barely miss the orc.
The orc is moderately wounded.
The orc hits you but does no damage.
The orc shouts!
You hit the orc but do no damage.
The orc is moderately wounded.
The orc barely misses you.
You hit the orc.
The orc is poisoned.
The orc is heavily wounded.
The orc hits you with a +0 club.
You hit the orc.
You kill the orc!
Things that are here:
a +0 club; a +0 leather armour The orc shouts!
You hit the orc but do no damage.
The orc is poisoned.
Your bite misses the orc.
You hear a shout!
You hit the orc but do no damage. You bite the orc, but do no damage.
The orc is heavily wounded.
The orc hits you with a +0 hand axe!
You are too injured to fight recklessly!
Unknown command.
You barely miss the orc.
The orc shouts!
You bite the orc, but do no damage.
The orc is heavily wounded.
The orc throws a boomerang.
The boomerang hits you. The orc hits you with a +0 hand axe.
* * * LOW HITPOINT WARNING * * *
The orc hits you with a +0 hand axe.
You die...

#.#.#)....#
...##.#.....###
........#...#
########+#o#...#
#...........##.#
#...........# .#
#......o....# .#
#......o....# ..
#......@)...# #
#...........#
#...........#
#...........#
#...........#
#############


You could see 3 orcs.

Vanquished Creatures
  A worm (D:2)
  2 orcs (D:3)
  3 ball pythons
  2 bats (D:1)
  5 endoplasms
  2 giant cockroaches (D:1)
  6 goblins
  2 hobgoblins
  5 jackals
  A quokka (D:1)
  2 frilled lizards (D:1)
  6 kobolds
  4 rats
41 creatures vanquished.

Notes
Turn   | Place    | Note
-------+----------+-------------------------------------------
     0 | D:1      | Zonian the Vine Stalker Conjurer began the quest for the
                  | Orb.
     0 | D:1      | Reached XP level 1. HP: 9/9 MP: 4/4
   218 | D:1      | Reached XP level 2. HP: 5/13 MP: 1/6
   419 | D:1      | Learned a level 2 spell: Searing Ray
   932 | D:1      | Reached XP level 3. HP: 16/16 MP: 3/7
  1320 | D:1      | Found a faded altar of an unknown god.
  2608 | D:3      | Slain by an orc

Illustrated notes

Levels and vault maps discovered:
D:1:      dpeg_arrival_renting, layout_basic,
          hellmonk_ecumenical_altar_arch_garden, minmay_misc_feat_room
D:2:      layout_loops_cross
D:3:      layout_basic, fedhas_altar_3

Action                   || total
-------------------------++-------
Melee: Dagger            ||    54
       Bite              ||    11
 Cast: Magic Dart        ||    68
       Searing Ray       ||     1
  Use: Scroll            ||     1
Armor: Robe              ||     9
Dodge: Dodged            ||    39

Table legend: (Time is in decaauts)
 A = Elapsed time spent in this place.
 B = Non-inter-level travel time spent in this place.
 C = Inter-level travel time spent in this place.
 D = Time resting spent in this place.
 E = Time spent auto-exploring this place.
 F = Levels seen in this place.
 G = Mean time per level.
                   A        B        C        D        E       F      G
               +--------+--------+--------+--------+--------+-----+--------+
         Total |   2607 |   2561 |     46 |    979 |   1293 |   3 |  869.0 |
       Dungeon |   2607 |   2561 |     46 |    979 |   1293 |   3 |  869.0 |
               +--------+--------+--------+--------+--------+-----+--------+

Top non-repeatable levels by time:
     D:1: 1384 daAuts
     D:2: 1111 daAuts
     D:3: 112 daAuts
